 Dungeon Crawl Stone Soup version 0.29.1-15-g9cfb28693d (webtiles) character file.

Game seed: 2615830496505277163

24 monsoonserge the Trooper (level 2, 0/25 HPs)
             Began as a Palentonga Fighter on May 1, 2023.
             Frozen to death by an endoplasm (1 damage)
             ... on level 1 of the Dungeon.
             The game lasted 00:02:16 (816 turns).

monsoonserge the Trooper (Palentonga Fighter)        Turns: 816, Time: 00:02:17

Health: 0/25       AC:  6    Str: 21    XL:     2   Next: 79%
Magic:  2/2        EV:  7    Int:  8    God:
Gold:   87         SH:  4    Dex:  9    Spells: 1/1 levels left

rFire   . . .      SeeInvis +   a - +0 war axe
rCold   . . .      Faith    .   c - +0 buckler
rNeg    . . .      Spirit   .   b - +0 scale mail
rPois   .          Reflect  .   (no helmet)
rElec   .          Harm     .   (no cloak)
rCorr   .          Rampage  .   (no gloves)
Will    .....                   (no barding)
Stlth   ..........              (no amulet)
HPRegen 0.08/turn               (no ring)
MPRegen 0.08/turn               (no ring)

@: no status effects
A: large, rugged brown scales 3, see invisible, deformed body, roll 1, armoured
tail
a: Rolling Charge


You were on level 1 of the Dungeon.
You visited 1 branch of the dungeon, and saw 2 of its levels.

You collected 87 gold pieces.

Inventory:

Hand Weapons
 a - a +0 war axe (weapon)
Missiles
 g - 3 stones
Armour
 b - a +0 scale mail (worn)
 c - a +0 buckler (worn)
Scrolls
 e - 2 scrolls of identify {unknown}
 f - a scroll of noise {unknown}
 h - a scroll of magic mapping {unknown}
 k - a scroll of teleportation {unknown}
 l - 2 scrolls of vulnerability {unknown}
Potions
 d - a potion of might
 i - a potion of curing {unknown}
 j - a potion of brilliance {unknown}


   Skills:
 + Level 3.2 Fighting
 + Level 2.2 Axes
 + Level 2.8 Armour
 + Level 0.1 Dodging
 + Level 2.9 Shields


You had one spell level left.
You didn't know any spells.
Your spell library contained the following spells:

 Spells                   Type           Power      Damage    Failure   Level
 Frozen Ramparts          Ice            0%         1d1       99%         3
 Ice Form                 Ice/Tmut       0%         N/A       100%        4
 Summon Ice Beast         Ice/Summ       0%         N/A       100%        4
 Fireball                 Conj/Fire      0%         3d3       100%        5
 Starburst                Conj/Fire      0%         6d3       100%        6
 Ignition                 Fire           0%         3d3       100%        8


Dungeon Overview and Level Annotations

Branches:
Dungeon (2/15)

Altars:


Innate Abilities, Weirdness & Mutations

You are completely covered in rugged brown scales. (AC +3, +7% HP)
You have supernaturally acute eyesight. (SInv)
Armour fits poorly on your strangely shaped body.
You can roll at nearby foes to attack.
You have a long armoured tail.


Message History

The worm is lightly wounded.
You slash the worm! You tail-slap the worm.
The worm is heavily wounded.
You hit the hobgoblin. The worm bites you. The hobgoblin hits you.
You barely miss the hobgoblin.
Your tail-slap misses the hobgoblin.
The hobgoblin is moderately wounded.
You hit the worm.
The hobgoblin hits you but does no damage.
The worm completely misses you.
Okay, then.
Okay, then.
You barely miss the hobgoblin.
You tail-slap the hobgoblin, but do no damage.
The hobgoblin is moderately wounded.
You barely miss the worm.
The hobgoblin hits you but does no damage.
The worm bites you. The kobold hits you with a +0 whip.
The endoplasm hits you but does no damage.
The hobgoblin hits you but does no damage.
The kobold barely misses you. The endoplasm attacks as you move away!
The endoplasm barely misses you. The endoplasm attacks as you move away!
The endoplasm barely misses you.
There is an escape hatch in the ceiling here.
The endoplasm freezes you.
You are frozen.
The kobold barely misses you. A mysterious force pulls you upwards.
The hatch slams shut behind you.
You barely miss the kobold. The kobold hits you with a +0 whip.
* * * LOW HITPOINT WARNING * * *
Unknown command.
You barely miss the kobold. The kobold barely misses you.
The kobold hits you with a +0 whip.
* * * LOW HITPOINT WARNING * * *
You slash the kobold!
You kill the kobold!
You hit the endoplasm but do no damage. You tail-slap the endoplasm.
The endoplasm is heavily wounded.
The endoplasm hits you but does no damage.
The endoplasm freezes you.
You are frozen.
You die...

.††##.###.##...# #.#
.#.#.......#.#.## ##.########
.#...##.##...#..# #..........
.#.#.#...#.#.#.########..########
...#...♣...#...#.........#
.#.#.#...#.#.#.#########.#
.#...##.##...#..# #.#
.#.#)......#.#.#########.#
...##.###.##...#@J.......#
.#...........#.###########
.##.###.###.##..#
..........†....##
#.###.###.###.### ..........#
##### ###########


You could see an endoplasm.

Vanquished Creatures
  A dart slug (D:1)
  2 bats
  2 giant cockroaches (D:1)
  A hobgoblin (D:1)
  4 jackals (D:1)
  2 quokkas (D:1)
  A frilled lizard (D:1)
  A kobold (D:1)
  7 rats
21 creatures vanquished.

Notes
Turn   | Place    | Note
-------+----------+-------------------------------------------
     0 | D:1      | monsoonserge the Palentonga Fighter began the quest for the
                  | Orb.
     0 | D:1      | Reached XP level 1. HP: 19/19 MP: 1/1
   269 | D:1      | Reached XP level 2. HP: 21/25 MP: 2/2
   814 | D:1      | HP: 1/25 [kobold/+0 whip (5)]
   816 | D:1      | Frozen to death by an endoplasm

Illustrated notes

Levels and vault maps discovered:
D:1:      tarquinn_simple_flora_water_a, layout_loops_ring,
          nicolae_concentric_dashed_squares_wild, item_on_display_a
D:2:      layout_rooms, chequers_ecumenical_altar_simple, uniq_natasha

Action                   || total
-------------------------++-------
Melee: War axe           ||    57
       Tailslap          ||     6
 Abil: Rolling Charge    ||     2
Armor: Scale mail        ||    28
Dodge: Dodged            ||    25
Block: Buckler           ||    13
